 Dungeon Crawl Stone Soup version 0.31.0-11-ge490571c62 (webtiles) character file.

Game seed: 10045492069946452384

154 sanka the Cudgeller (level 5, -5/33 HPs)
             Began as a Gargoyle Fighter on Jan 27, 2024.
             Slain by Crazy Yiuf
             ... wielding a +2 quarterstaff of chaos
              (10 damage)
             ... on level 2 of the Dungeon.
             The game lasted 00:03:42 (2359 turns).

sanka the Cudgeller (Gargoyle Fighter)              Turns: 2359, Time: 00:03:43

Health: -5/33      AC: 12    Str: 19    XL:     5   Next: 36%
Magic:  3/5        EV:  5    Int:  9    God:
Gold:   121        SH:  0    Dex: 11    Spells: 4/4 levels left

rFire   . . .        a - +0 flail
rCold   . . .        c - +0 buckler
rNeg    + . .        b - +0 scale mail
rPois   ∞            m - +0 helmet
rElec   +            j - scarf {repulsion}
rCorr   .            (no gloves)
SInv    .            (no boots)
Will    .....        (no amulet) Stlth
                     (no ring)
HPRegen 0.25/turn    (no ring)
MPRegen 0.09/turn

%: repel missiles
@: held
A: sickness immunity, AC +4, negative energy resistance 1, electricity
resistance, torment resistance 1, petrification resistance
a: no special abilities


You were on level 2 of the Dungeon.
You visited 1 branch of the dungeon, and saw 2 of its levels.

You collected 121 gold pieces.


Innate Abilities, Weirdness & Mutations

You are immune to sickness and miasma.
Your stone body is resilient. (AC +4)
You are immune to poison.
You resist negative energy. (rN+)
You are resistant to electric shocks. (rElec)
You are resistant to unholy torment.
You are immune to petrification.


   Skills:
 - Level 4.0 Fighting
 + Level 5.0 Maces & Flails
 - Level 3.2 Armour
 - Level 3.2 Shields


You had 4 spell levels left.
You didn't know any spells.
Your spell library contained the following spells:

 Spells                   Type           Power      Damage    Failure   Level
 Magic Dart               Conj           0%         1d3       83%         1
 Blink                    Tloc           0%         N/A       92%         2
 Call Imp                 Summ           0%         N/A       92%         2

Inventory:

Hand Weapons
 a - a +0 flail (weapon)
Armour
 b - a +0 scale mail (worn)
 c - a +0 buckler (worn)
 j - a scarf of repulsion (worn)
 m - a +0 helmet (worn)
Wands
 l - a wand of roots (13)
Scrolls
 f - a scroll of identify {unknown}
 h - 3 scrolls of revelation {unknown}
 k - 2 scrolls of noise {unknown}
 n - a scroll of fear {unknown}
 o - a scroll of fog {unknown}
Potions
 d - a potion of might
 e - 2 potions of attraction {unknown}
 g - a potion of degeneration {unknown}
 i - 2 potions of curing {unknown}

Dungeon Overview and Level Annotations

Branches:
Dungeon (2/15)

Altars:
Ashenzari

Annotations:
D:2 Crazy Yiuf

▒▒▒▒▒.▒▒.▒ ▒....▒ ▒▒▒▒▒▒▒ ▒▒▒▒▒
▒....▒▒▒▒▒▒ ......▒ ▒).)▒
▒.......... ▒▒▒†..▒▒▒▒▒▒▒ ▒...▒
▒.......... ..'...).....▒ ...
▒.....▒▒▒▒▒ ▒▒▒...▒▒▒▒▒.▒ ▒'▒
▒.....▒ ▒.. ............▒ ♣♣g♣
▒.....▒ ▒.▒ ▒▒..........▒ ♣8♣♣
▒.....▒▒▒.▒ ▒...........▒ ♣♣.♣
▒.......... .....▒▒▒▒▒▒.▒ ♣.♣♣
▒▒'▒.▒▒▒▒.▒ .....▒ ▒.▒ ♣♣.♣♣
▒.▒.▒▒▒▒.▒ ....▒▒ ▒▒▒▒'▒ ♣...♣
▒.▒....▒.▒ ....▒ ▒...)▒ ♣...♣♣
▒.▒▒▒▒.▒.▒ ....▒ ▒....▒ ▒....▒
▒.▒ ▒.▒.▒
....▒▒▒▒....▒▒▒....▒▒▒▒▒.▒ ▒.▒..
.......'.................▒▒▒▒.▒..


You could see Crazy Yiuf.


Message History

Crazy Yiuf is severely wounded.
Crazy Yiuf says, "Cards!
Lay horse infinity."
Crazy Yiuf hits you with a +2 quarterstaff of chaos.
* * * LOW HITPOINT WARNING * * *
Crazy Yiuf freezes you.
* * * LOW HITPOINT WARNING * * *
Unknown command.
You closely miss Crazy Yiuf.
Crazy Yiuf is severely wounded.
Crazy Yiuf barely misses you.
Unknown command.
You bump into the tree.
You feel less confused. Crazy Yiuf hits you but does no damage.
Unknown command.
You closely miss Crazy Yiuf.
Crazy Yiuf is severely wounded.
Crazy Yiuf says, "Trifle agre cower!"
You block Crazy Yiuf's attack.
You hit Crazy Yiuf.
Crazy Yiuf is almost dead.
Crazy Yiuf hits you with a +2 quarterstaff of chaos.
* * * LOW HITPOINT WARNING * * *
The Crazy Yiuf's quarterstaff of chaos hits you.
You are caught in a web!
* * * LOW HITPOINT WARNING * * *
Crazy Yiuf hits you but does no damage.
You struggle to detach yourself from the web.
Crazy Yiuf hits you with a +2 quarterstaff of chaos!
You die...

Action                     |  1- 3 |  4- 6 || total
---------------------------+-------+-------++-------
  Melee: Flail             |   146 |    83 ||   229
 Armour: Scale mail        |   102 |    82 ||   184
  Dodge: Dodged            |    72 |    30 ||   102
  Block: Buckler           |    31 |    18 ||    49

Levels and vault maps discovered:
D:1:      zelgadis_glass_arrival_small, layout_loops_corners, corner_web_ring,
          minmay_3d_cube
D:2:      layout_basic, basic_altar, uniq_robin, uniq_crazy_yiuf_cottage,
          uniq_natasha

Notes
Turn   | Place    | Note
-------+----------+-------------------------------------------
     0 | D:1      | sanka the Gargoyle Fighter began the quest for the Orb.
     0 | D:1      | Reached XP level 1. HP: 14/14 MP: 1/1
   140 | D:1      | Reached XP level 2. HP: 19/19 MP: 2/2
   638 | D:1      | Reached XP level 3. HP: 24/24 MP: 3/3
   700 | D:1      | Reached skill level 4 in Fighting
   794 | D:1      | Reached skill level 3 in Maces & Flails
  1426 | D:2      | Found a broken altar of Ashenzari.
  1493 | D:2      | Found a runed translucent door.
  1494 | D:2      | Noticed Crazy Yiuf
  1543 | D:2      | Reached XP level 4. HP: 27/29 MP: 4/4
  1566 | D:2      | Noticed Natasha
  1583 | D:2      | Killed Natasha
  1584 | D:2      | Reached skill level 4 in Maces & Flails
  1737 | D:2      | Noticed Robin
  1767 | D:2      | Killed Robin
  1768 | D:2      | Reached XP level 5. HP: 28/33 MP: 5/5
  2033 | D:2      | Noticed Natasha
  2039 | D:2      | Killed Natasha
  2053 | D:2      | Reached skill level 5 in Maces & Flails
  2346 | D:2      | Paralysed by Crazy Yiuf for 1 turns
  2359 | D:2      | Slain by Crazy Yiuf

Vanquished Creatures
  Natasha (twice) (D:2)
  Robin (D:2)
  3 adders (D:2)
  2 dart slugs
  6 endoplasms
  2 giant cockroaches
  9 goblins
  13 hobgoblins
  4 kobolds
  4 quokkas (D:2)
  7 ball pythons
  3 bats (D:1)
  3 frilled lizards
  A rat (D:1)
60 creatures vanquished.
